Workbook

Sheet Loan Planner
A1: Student Loan Payoff and Forgiveness Planner
A3: Borrower | B3: Emily Carter | D3: State | E3: Colorado | G3: Filing Status | H3: Single | J3: Extra Monthly Payment | K3: 350 | M3: Planner Summary | N3: Current Balance | O3: =SUM(F8:F107) | P3: Eligible Loans | Q3: =COUNTIF(U8:U107,"Eligible")
A4: Planning Date | B4: 46271 | D4: Annual Gross Income | E4: 78500 | G4: Family Size | H4: 1
AA6: Repayment Plan Assumptions
A7: Loan ID | B7: Servicer | C7: Loan Type | D7: Federal/Private | E7: Original Balance | F7: Current Balance | G7: Annual Interest Rate | H7: Minimum Monthly Payment | I7: Start Date | J7: Expected Graduation Date | K7: Repayment Plan | L7: PSLF-Eligible? | M7: Qualifying Payments Made | N7: Required PSLF Payments | O7: Estimated Monthly Payment | P7: Extra Payment Allocation | Q7: Total Monthly Payment | R7: Estimated Payoff Months | S7: Estimated Payoff Date | T7: Estimated Interest Remaining | U7: Forgiveness Eligible? | V7: Estimated Forgiveness Balance | W7: Priority | X7: Notes | AA7: Repayment Plan | AB7: Required PSLF Payments | AC7: Term Months
A8: L-1001 | B8: Nelnet | C8: Direct Unsubsidized 1 | D8: Federal | E8: 18000 | F8: 14850 | G8: 0.055 | H8: 165 | I8: 46037 | J8: 46157 | K8: SAVE/IDR | L8: Yes | M8: 42 | N8: =IF(A8="","",IFERROR(VLOOKUP(K8,'Loan Planner'!$AA$8:$AC$13,2,FALSE),0)) | O8: =IF(A8="","",IFERROR(MAX(H8,ABS(PMT(G8/12,IFERROR(VLOOKUP(K8,'Loan Planner'!$AA$8:$AC$13,3,FALSE),120),F8))),H8)) | P8: =IF(A8="","",IF(W8="High",IFERROR('Loan Planner'!$K$3/COUNTIF($W$8:$W$107,"High"),0),0)) | Q8: =IF(A8="","",H8+P8) | R8: =IF(A8="","",IF(F8=0,"Paid Off",IF(Q8<=F8*G8/12,"Payment Too Low",IFERROR(ROUNDUP(NPER(G8/12,-Q8,F8),0),"Payment Too Low")))) | S8: =IF(A8="","",IF(ISNUMBER(R8),EDATE('Loan Planner'!$B$4,R8),"")) | T8: =IF(A8="","",IF(ISNUMBER(R8),MAX(0,(Q8*R8)-F8),0)) | U8: =IF(A8="","",IF(AND(D8="Federal",L8="Yes",N8>0,M8>=N8),"Eligible","Not Yet Eligible")) | V8: =IF(A8="","",IF(U8="Eligible",MAX(0,F8-(Q8*R8)),0)) | W8: =IF(A8="","",IF(D8="Private","High",IF(G8>=7%,"High","Normal"))) | X8: Undergraduate loan | AA8: Standard | AB8: 120 | AC8: 120
A9: L-1002 | B9: MOHELA | C9: Direct Unsubsidized 2 | D9: Federal | E9: 12500 | F9: 10920 | G9: 0.0625 | H9: 125 | I9: 46037 | J9: 46157 | K9: SAVE/IDR | L9: Yes | M9: 42 | N9: =IF(A9="","",IFERROR(VLOOKUP(K9,'Loan Planner'!$AA$8:$AC$13,2,FALSE),0)) | O9: =IF(A9="","",IFERROR(MAX(H9,ABS(PMT(G9/12,IFERROR(VLOOKUP(K9,'Loan Planner'!$AA$8:$AC$13,3,FALSE),120),F9))),H9)) | P9: =IF(A9="","",IF(W9="High",IFERROR('Loan Planner'!$K$3/COUNTIF($W$8:$W$107,"High"),0),0)) | Q9: =IF(A9="","",H9+P9) | R9: =IF(A9="","",IF(F9=0,"Paid Off",IF(Q9<=F9*G9/12,"Payment Too Low",IFERROR(ROUNDUP(NPER(G9/12,-Q9,F9),0),"Payment Too Low")))) | S9: =IF(A9="","",IF(ISNUMBER(R9),EDATE('Loan Planner'!$B$4,R9),"")) | T9: =IF(A9="","",IF(ISNUMBER(R9),MAX(0,(Q9*R9)-F9),0)) | U9: =IF(A9="","",IF(AND(D9="Federal",L9="Yes",N9>0,M9>=N9),"Eligible","Not Yet Eligible")) | V9: =IF(A9="","",IF(U9="Eligible",MAX(0,F9-(Q9*R9)),0)) | W9: =IF(A9="","",IF(D9="Private","High",IF(G9>=7%,"High","Normal"))) | X9: Undergraduate loan | AA9: Extended | AB9: 120 | AC9: 300
A10: L-1003 | B10: MOHELA | C10: Direct PLUS Loan | D10: Federal | E10: 24000 | F10: 21480 | G10: 0.0705 | H10: 235 | I10: 46068 | J10: 46157 | K10: Standard | L10: Yes | M10: 30 | N10: =IF(A10="","",IFERROR(VLOOKUP(K10,'Loan Planner'!$AA$8:$AC$13,2,FALSE),0)) | O10: =IF(A10="","",IFERROR(MAX(H10,ABS(PMT(G10/12,IFERROR(VLOOKUP(K10,'Loan Planner'!$AA$8:$AC$13,3,FALSE),120),F10))),H10)) | P10: =IF(A10="","",IF(W10="High",IFERROR('Loan Planner'!$K$3/COUNTIF($W$8:$W$107,"High"),0),0)) | Q10: =IF(A10="","",H10+P10) | R10: =IF(A10="","",IF(F10=0,"Paid Off",IF(Q10<=F10*G10/12,"Payment Too Low",IFERROR(ROUNDUP(NPER(G10/12,-Q10,F10),0),"Payment Too Low")))) | S10: =IF(A10="","",IF(ISNUMBER(R10),EDATE('Loan Planner'!$B$4,R10),"")) | T10: =IF(A10="","",IF(ISNUMBER(R10),MAX(0,(Q10*R10)-F10),0)) | U10: =IF(A10="","",IF(AND(D10="Federal",L10="Yes",N10>0,M10>=N10),"Eligible","Not Yet Eligible")) | V10: =IF(A10="","",IF(U10="Eligible",MAX(0,F10-(Q10*R10)),0)) | W10: =IF(A10="","",IF(D10="Private","High",IF(G10>=7%,"High","Normal"))) | X10: Parent PLUS balance | AA10: SAVE/IDR | AB10: 120 | AC10: 240
A11: L-1004 | B11: University Servicing | C11: Perkins Loan | D11: Federal | E11: 5500 | F11: 2950 | G11: 0.05 | H11: 75 | I11: 46037 | J11: 46157 | K11: Extended | L11: No | M11: 0 | N11: =IF(A11="","",IFERROR(VLOOKUP(K11,'Loan Planner'!$AA$8:$AC$13,2,FALSE),0)) | O11: =IF(A11="","",IFERROR(MAX(H11,ABS(PMT(G11/12,IFERROR(VLOOKUP(K11,'Loan Planner'!$AA$8:$AC$13,3,FALSE),120),F11))),H11)) | P11: =IF(A11="","",IF(W11="High",IFERROR('Loan Planner'!$K$3/COUNTIF($W$8:$W$107,"High"),0),0)) | Q11: =IF(A11="","",H11+P11) | R11: =IF(A11="","",IF(F11=0,"Paid Off",IF(Q11<=F11*G11/12,"Payment Too Low",IFERROR(ROUNDUP(NPER(G11/12,-Q11,F11),0),"Payment Too Low")))) | S11: =IF(A11="","",IF(ISNUMBER(R11),EDATE('Loan Planner'!$B$4,R11),"")) | T11: =IF(A11="","",IF(ISNUMBER(R11),MAX(0,(Q11*R11)-F11),0)) | U11: =IF(A11="","",IF(AND(D11="Federal",L11="Yes",N11>0,M11>=N11),"Eligible","Not Yet Eligible")) | V11: =IF(A11="","",IF(U11="Eligible",MAX(0,F11-(Q11*R11)),0)) | W11: =IF(A11="","",IF(D11="Private","High",IF(G11>=7%,"High","Normal"))) | X11: Confirm program eligibility | AA11: PAYE/IDR | AB11: 120 | AC11: 240
A12: L-1005 | B12: FirstBank Student Lending | C12: Private Loan A | D12: Private | E12: 16000 | F12: 11760 | G12: 0.0825 | H12: 185 | I12: 46068 | J12: 46157 | K12: Private Fixed | L12: No | M12: 0 | N12: =IF(A12="","",IFERROR(VLOOKUP(K12,'Loan Planner'!$AA$8:$AC$13,2,FALSE),0)) | O12: =IF(A12="","",IFERROR(MAX(H12,ABS(PMT(G12/12,IFERROR(VLOOKUP(K12,'Loan Planner'!$AA$8:$AC$13,3,FALSE),120),F12))),H12)) | P12: =IF(A12="","",IF(W12="High",IFERROR('Loan Planner'!$K$3/COUNTIF($W$8:$W$107,"High"),0),0)) | Q12: =IF(A12="","",H12+P12) | R12: =IF(A12="","",IF(F12=0,"Paid Off",IF(Q12<=F12*G12/12,"Payment Too Low",IFERROR(ROUNDUP(NPER(G12/12,-Q12,F12),0),"Payment Too Low")))) | S12: =IF(A12="","",IF(ISNUMBER(R12),EDATE('Loan Planner'!$B$4,R12),"")) | T12: =IF(A12="","",IF(ISNUMBER(R12),MAX(0,(Q12*R12)-F12),0)) | U12: =IF(A12="","",IF(AND(D12="Federal",L12="Yes",N12>0,M12>=N12),"Eligible","Not Yet Eligible")) | V12: =IF(A12="","",IF(U12="Eligible",MAX(0,F12-(Q12*R12)),0)) | W12: =IF(A12="","",IF(D12="Private","High",IF(G12>=7%,"High","Normal"))) | X12: Highest refinance review priority | AA12: PSLF | AB12: 120 | AC12: 120
A13: L-1006 | B13: CollegeCredit Union | C13: Private Loan B | D13: Private | E13: 9500 | F13: 7220 | G13: 0.091 | H13: 120 | I13: 46096 | J13: 46157 | K13: Private Fixed | L13: No | M13: 0 | N13: =IF(A13="","",IFERROR(VLOOKUP(K13,'Loan Planner'!$AA$8:$AC$13,2,FALSE),0)) | O13: =IF(A13="","",IFERROR(MAX(H13,ABS(PMT(G13/12,IFERROR(VLOOKUP(K13,'Loan Planner'!$AA$8:$AC$13,3,FALSE),120),F13))),H13)) | P13: =IF(A13="","",IF(W13="High",IFERROR('Loan Planner'!$K$3/COUNTIF($W$8:$W$107,"High"),0),0)) | Q13: =IF(A13="","",H13+P13) | R13: =IF(A13="","",IF(F13=0,"Paid Off",IF(Q13<=F13*G13/12,"Payment Too Low",IFERROR(ROUNDUP(NPER(G13/12,-Q13,F13),0),"Payment Too Low")))) | S13: =IF(A13="","",IF(ISNUMBER(R13),EDATE('Loan Planner'!$B$4,R13),"")) | T13: =IF(A13="","",IF(ISNUMBER(R13),MAX(0,(Q13*R13)-F13),0)) | U13: =IF(A13="","",IF(AND(D13="Federal",L13="Yes",N13>0,M13>=N13),"Eligible","Not Yet Eligible")) | V13: =IF(A13="","",IF(U13="Eligible",MAX(0,F13-(Q13*R13)),0)) | W13: =IF(A13="","",IF(D13="Private","High",IF(G13>=7%,"High","Normal"))) | X13: Highest interest rate | AA13: Private Fixed | AB13: 0 | AC13: 120
A14: L-1007 | B14: Aidvantage | C14: Direct Graduate PLUS | D14: Federal | E14: 28000 | F14: 26400 | G14: 0.0754 | H14: 290 | I14: 46188 | J14: 46249 | K14: SAVE/IDR | L14: Yes | M14: 12 | N14: =IF(A14="","",IFERROR(VLOOKUP(K14,'Loan Planner'!$AA$8:$AC$13,2,FALSE),0)) | O14: =IF(A14="","",IFERROR(MAX(H14,ABS(PMT(G14/12,IFERROR(VLOOKUP(K14,'Loan Planner'!$AA$8:$AC$13,3,FALSE),120),F14))),H14)) | P14: =IF(A14="","",IF(W14="High",IFERROR('Loan Planner'!$K$3/COUNTIF($W$8:$W$107,"High"),0),0)) | Q14: =IF(A14="","",H14+P14) | R14: =IF(A14="","",IF(F14=0,"Paid Off",IF(Q14<=F14*G14/12,"Payment Too Low",IFERROR(ROUNDUP(NPER(G14/12,-Q14,F14),0),"Payment Too Low")))) | S14: =IF(A14="","",IF(ISNUMBER(R14),EDATE('Loan Planner'!$B$4,R14),"")) | T14: =IF(A14="","",IF(ISNUMBER(R14),MAX(0,(Q14*R14)-F14),0)) | U14: =IF(A14="","",IF(AND(D14="Federal",L14="Yes",N14>0,M14>=N14),"Eligible","Not Yet Eligible")) | V14: =IF(A14="","",IF(U14="Eligible",MAX(0,F14-(Q14*R14)),0)) | W14: =IF(A14="","",IF(D14="Private","High",IF(G14>=7%,"High","Normal"))) | X14: Graduate program loan
A15: L-1008 | B15: Aidvantage | C15: Direct Consolidation Loan | D15: Federal | E15: 35000 | F15: 34150 | G15: 0.068 | H15: 375 | I15: 46218 | J15: 46249 | K15: PAYE/IDR | L15: Yes | M15: 12 | N15: =IF(A15="","",IFERROR(VLOOKUP(K15,'Loan Planner'!$AA$8:$AC$13,2,FALSE),0)) | O15: =IF(A15="","",IFERROR(MAX(H15,ABS(PMT(G15/12,IFERROR(VLOOKUP(K15,'Loan Planner'!$AA$8:$AC$13,3,FALSE),120),F15))),H15)) | P15: =IF(A15="","",IF(W15="High",IFERROR('Loan Planner'!$K$3/COUNTIF($W$8:$W$107,"High"),0),0)) | Q15: =IF(A15="","",H15+P15) | R15: =IF(A15="","",IF(F15=0,"Paid Off",IF(Q15<=F15*G15/12,"Payment Too Low",IFERROR(ROUNDUP(NPER(G15/12,-Q15,F15),0),"Payment Too Low")))) | S15: =IF(A15="","",IF(ISNUMBER(R15),EDATE('Loan Planner'!$B$4,R15),"")) | T15: =IF(A15="","",IF(ISNUMBER(R15),MAX(0,(Q15*R15)-F15),0)) | U15: =IF(A15="","",IF(AND(D15="Federal",L15="Yes",N15>0,M15>=N15),"Eligible","Not Yet Eligible")) | V15: =IF(A15="","",IF(U15="Eligible",MAX(0,F15-(Q15*R15)),0)) | W15: =IF(A15="","",IF(D15="Private","High",IF(G15>=7%,"High","Normal"))) | X15: Review consolidation history
N16: =IF(A16="","",IFERROR(VLOOKUP(K16,'Loan Planner'!$AA$8:$AC$13,2,FALSE),0)) | O16: =IF(A16="","",IFERROR(MAX(H16,ABS(PMT(G16/12,IFERROR(VLOOKUP(K16,'Loan Planner'!$AA$8:$AC$13,3,FALSE),120),F16))),H16)) | P16: =IF(A16="","",IF(W16="High",IFERROR('Loan Planner'!$K$3/COUNTIF($W$8:$W$107,"High"),0),0)) | Q16: =IF(A16="","",H16+P16) | R16: =IF(A16="","",IF(F16=0,"Paid Off",IF(Q16<=F16*G16/12,"Payment Too Low",IFERROR(ROUNDUP(NPER(G16/12,-Q16,F16),0),"Payment Too Low")))) | S16: =IF(A16="","",IF(ISNUMBER(R16),EDATE('Loan Planner'!$B$4,R16),"")) | T16: =IF(A16="","",IF(ISNUMBER(R16),MAX(0,(Q16*R16)-F16),0)) | U16: =IF(A16="","",IF(AND(D16="Federal",L16="Yes",N16>0,M16>=N16),"Eligible","Not Yet Eligible")) | V16: =IF(A16="","",IF(U16="Eligible",MAX(0,F16-(Q16*R16)),0)) | W16: =IF(A16="","",IF(D16="Private","High",IF(G16>=7%,"High","Normal")))
N17: =IF(A17="","",IFERROR(VLOOKUP(K17,'Loan Planner'!$AA$8:$AC$13,2,FALSE),0)) | O17: =IF(A17="","",IFERROR(MAX(H17,ABS(PMT(G17/12,IFERROR(VLOOKUP(K17,'Loan Planner'!$AA$8:$AC$13,3,FALSE),120),F17))),H17)) | P17: =IF(A17="","",IF(W17="High",IFERROR('Loan Planner'!$K$3/COUNTIF($W$8:$W$107,"High"),0),0)) | Q17: =IF(A17="","",H17+P17) | R17: =IF(A17="","",IF(F17=0,"Paid Off",IF(Q17<=F17*G17/12,"Payment Too Low",IFERROR(ROUNDUP(NPER(G17/12,-Q17,F17),0),"Payment Too Low")))) | S17: =IF(A17="","",IF(ISNUMBER(R17),EDATE('Loan Planner'!$B$4,R17),"")) | T17: =IF(A17="","",IF(ISNUMBER(R17),MAX(0,(Q17*R17)-F17),0)) | U17: =IF(A17="","",IF(AND(D17="Federal",L17="Yes",N17>0,M17>=N17),"Eligible","Not Yet Eligible")) | V17: =IF(A17="","",IF(U17="Eligible",MAX(0,F17-(Q17*R17)),0)) | W17: =IF(A17="","",IF(D17="Private","High",IF(G17>=7%,"High","Normal")))
N18: =IF(A18="","",IFERROR(VLOOKUP(K18,'Loan Planner'!$AA$8:$AC$13,2,FALSE),0)) | O18: =IF(A18="","",IFERROR(MAX(H18,ABS(PMT(G18/12,IFERROR(VLOOKUP(K18,'Loan Planner'!$AA$8:$AC$13,3,FALSE),120),F18))),H18)) | P18: =IF(A18="","",IF(W18="High",IFERROR('Loan Planner'!$K$3/COUNTIF($W$8:$W$107,"High"),0),0)) | Q18: =IF(A18="","",H18+P18) | R18: =IF(A18="","",IF(F18=0,"Paid Off",IF(Q18<=F18*G18/12,"Payment Too Low",IFERROR(ROUNDUP(NPER(G18/12,-Q18,F18),0),"Payment Too Low")))) | S18: =IF(A18="","",IF(ISNUMBER(R18),EDATE('Loan Planner'!$B$4,R18),"")) | T18: =IF(A18="","",IF(ISNUMBER(R18),MAX(0,(Q18*R18)-F18),0)) | U18: =IF(A18="","",IF(AND(D18="Federal",L18="Yes",N18>0,M18>=N18),"Eligible","Not Yet Eligible")) | V18: =IF(A18="","",IF(U18="Eligible",MAX(0,F18-(Q18*R18)),0)) | W18: =IF(A18="","",IF(D18="Private","High",IF(G18>=7%,"High","Normal")))
N19: =IF(A19="","",IFERROR(VLOOKUP(K19,'Loan Planner'!$AA$8:$AC$13,2,FALSE),0)) | O19: =IF(A19="","",IFERROR(MAX(H19,ABS(PMT(G19/12,IFERROR(VLOOKUP(K19,'Loan Planner'!$AA$8:$AC$13,3,FALSE),120),F19))),H19)) | P19: =IF(A19="","",IF(W19="High",IFERROR('Loan Planner'!$K$3/COUNTIF($W$8:$W$107,"High"),0),0)) | Q19: =IF(A19="","",H19+P19) | R19: =IF(A19="","",IF(F19=0,"Paid Off",IF(Q19<=F19*G19/12,"Payment Too Low",IFERROR(ROUNDUP(NPER(G19/12,-Q19,F19),0),"Payment Too Low")))) | S19: =IF(A19="","",IF(ISNUMBER(R19),EDATE('Loan Planner'!$B$4,R19),"")) | T19: =IF(A19="","",IF(ISNUMBER(R19),MAX(0,(Q19*R19)-F19),0)) | U19: =IF(A19="","",IF(AND(D19="Federal",L19="Yes",N19>0,M19>=N19),"Eligible","Not Yet Eligible")) | V19: =IF(A19="","",IF(U19="Eligible",MAX(0,F19-(Q19*R19)),0)) | W19: =IF(A19="","",IF(D19="Private","High",IF(G19>=7%,"High","Normal")))
N20: =IF(A20="","",IFERROR(VLOOKUP(K20,'Loan Planner'!$AA$8:$AC$13,2,FALSE),0)) | O20: =IF(A20="","",IFERROR(MAX(H20,ABS(PMT(G20/12,IFERROR(VLOOKUP(K20,'Loan Planner'!$AA$8:$AC$13,3,FALSE),120),F20))),H20)) | P20: =IF(A20="","",IF(W20="High",IFERROR('Loan Planner'!$K$3/COUNTIF($W$8:$W$107,"High"),0),0)) | Q20: =IF(A20="","",H20+P20) | R20: =IF(A20="","",IF(F20=0,"Paid Off",IF(Q20<=F20*G20/12,"Payment Too Low",IFERROR(ROUNDUP(NPER(G20/12,-Q20,F20),0),"Payment Too Low")))) | S20: =IF(A20="","",IF(ISNUMBER(R20),EDATE('Loan Planner'!$B$4,R20),"")) | T20: =IF(A20="","",IF(ISNUMBER(R20),MAX(0,(Q20*R20)-F20),0)) | U20: =IF(A20="","",IF(AND(D20="Federal",L20="Yes",N20>0,M20>=N20),"Eligible","Not Yet Eligible")) | V20: =IF(A20="","",IF(U20="Eligible",MAX(0,F20-(Q20*R20)),0)) | W20: =IF(A20="","",IF(D20="Private","High",IF(G20>=7%,"High","Normal")))
N21: =IF(A21="","",IFERROR(VLOOKUP(K21,'Loan Planner'!$AA$8:$AC$13,2,FALSE),0)) | O21: =IF(A21="","",IFERROR(MAX(H21,ABS(PMT(G21/12,IFERROR(VLOOKUP(K21,'Loan Planner'!$AA$8:$AC$13,3,FALSE),120),F21))),H21)) | P21: =IF(A21="","",IF(W21="High",IFERROR('Loan Planner'!$K$3/COUNTIF($W$8:$W$107,"High"),0),0)) | Q21: =IF(A21="","",H21+P21) | R21: =IF(A21="","",IF(F21=0,"Paid Off",IF(Q21<=F21*G21/12,"Payment Too Low",IFERROR(ROUNDUP(NPER(G21/12,-Q21,F21),0),"Payment Too Low")))) | S21: =IF(A21="","",IF(ISNUMBER(R21),EDATE('Loan Planner'!$B$4,R21),"")) | T21: =IF(A21="","",IF(ISNUMBER(R21),MAX(0,(Q21*R21)-F21),0)) | U21: =IF(A21="","",IF(AND(D21="Federal",L21="Yes",N21>0,M21>=N21),"Eligible","Not Yet Eligible")) | V21: =IF(A21="","",IF(U21="Eligible",MAX(0,F21-(Q21*R21)),0)) | W21: =IF(A21="","",IF(D21="Private","High",IF(G21>=7%,"High","Normal")))
N22: =IF(A22="","",IFERROR(VLOOKUP(K22,'Loan Planner'!$AA$8:$AC$13,2,FALSE),0)) | O22: =IF(A22="","",IFERROR(MAX(H22,ABS(PMT(G22/12,IFERROR(VLOOKUP(K22,'Loan Planner'!$AA$8:$AC$13,3,FALSE),120),F22))),H22)) | P22: =IF(A22="","",IF(W22="High",IFERROR('Loan Planner'!$K$3/COUNTIF($W$8:$W$107,"High"),0),0)) | Q22: =IF(A22="","",H22+P22) | R22: =IF(A22="","",IF(F22=0,"Paid Off",IF(Q22<=F22*G22/12,"Payment Too Low",IFERROR(ROUNDUP(NPER(G22/12,-Q22,F22),0),"Payment Too Low")))) | S22: =IF(A22="","",IF(ISNUMBER(R22),EDATE('Loan Planner'!$B$4,R22),"")) | T22: =IF(A22="","",IF(ISNUMBER(R22),MAX(0,(Q22*R22)-F22),0)) | U22: =IF(A22="","",IF(AND(D22="Federal",L22="Yes",N22>0,M22>=N22),"Eligible","Not Yet Eligible")) | V22: =IF(A22="","",IF(U22="Eligible",MAX(0,F22-(Q22*R22)),0)) | W22: =IF(A22="","",IF(D22="Private","High",IF(G22>=7%,"High","Normal")))
N23: =IF(A23="","",IFERROR(VLOOKUP(K23,'Loan Planner'!$AA$8:$AC$13,2,FALSE),0)) | O23: =IF(A23="","",IFERROR(MAX(H23,ABS(PMT(G23/12,IFERROR(VLOOKUP(K23,'Loan Planner'!$AA$8:$AC$13,3,FALSE),120),F23))),H23)) | P23: =IF(A23="","",IF(W23="High",IFERROR('Loan Planner'!$K$3/COUNTIF($W$8:$W$107,"High"),0),0)) | Q23: =IF(A23="","",H23+P23) | R23: =IF(A23="","",IF(F23=0,"Paid Off",IF(Q23<=F23*G23/12,"Payment Too Low",IFERROR(ROUNDUP(NPER(G23/12,-Q23,F23),0),"Payment Too Low")))) | S23: =IF(A23="","",IF(ISNUMBER(R23),EDATE('Loan Planner'!$B$4,R23),"")) | T23: =IF(A23="","",IF(ISNUMBER(R23),MAX(0,(Q23*R23)-F23),0)) | U23: =IF(A23="","",IF(AND(D23="Federal",L23="Yes",N23>0,M23>=N23),"Eligible","Not Yet Eligible")) | V23: =IF(A23="","",IF(U23="Eligible",MAX(0,F23-(Q23*R23)),0)) | W23: =IF(A23="","",IF(D23="Private","High",IF(G23>=7%,"High","Normal")))
N24: =IF(A24="","",IFERROR(VLOOKUP(K24,'Loan Planner'!$AA$8:$AC$13,2,FALSE),0)) | O24: =IF(A24="","",IFERROR(MAX(H24,ABS(PMT(G24/12,IFERROR(VLOOKUP(K24,'Loan Planner'!$AA$8:$AC$13,3,FALSE),120),F24))),H24)) | P24: =IF(A24="","",IF(W24="High",IFERROR('Loan Planner'!$K$3/COUNTIF($W$8:$W$107,"High"),0),0)) | Q24: =IF(A24="","",H24+P24) | R24: =IF(A24="","",IF(F24=0,"Paid Off",IF(Q24<=F24*G24/12,"Payment Too Low",IFERROR(ROUNDUP(NPER(G24/12,-Q24,F24),0),"Payment Too Low")))) | S24: =IF(A24="","",IF(ISNUMBER(R24),EDATE('Loan Planner'!$B$4,R24),"")) | T24: =IF(A24="","",IF(ISNUMBER(R24),MAX(0,(Q24*R24)-F24),0)) | U24: =IF(A24="","",IF(AND(D24="Federal",L24="Yes",N24>0,M24>=N24),"Eligible","Not Yet Eligible")) | V24: =IF(A24="","",IF(U24="Eligible",MAX(0,F24-(Q24*R24)),0)) | W24: =IF(A24="","",IF(D24="Private","High",IF(G24>=7%,"High","Normal")))
N25: =IF(A25="","",IFERROR(VLOOKUP(K25,'Loan Planner'!$AA$8:$AC$13,2,FALSE),0)) | O25: =IF(A25="","",IFERROR(MAX(H25,ABS(PMT(G25/12,IFERROR(VLOOKUP(K25,'Loan Planner'!$AA$8:$AC$13,3,FALSE),120),F25))),H25)) | P25: =IF(A25="","",IF(W25="High",IFERROR('Loan Planner'!$K$3/COUNTIF($W$8:$W$107,"High"),0),0)) | Q25: =IF(A25="","",H25+P25) | R25: =IF(A25="","",IF(F25=0,"Paid Off",IF(Q25<=F25*G25/12,"Payment Too Low",IFERROR(ROUNDUP(NPER(G25/12,-Q25,F25),0),"Payment Too Low")))) | S25: =IF(A25="","",IF(ISNUMBER(R25),EDATE('Loan Planner'!$B$4,R25),"")) | T25: =IF(A25="","",IF(ISNUMBER(R25),MAX(0,(Q25*R25)-F25),0)) | U25: =IF(A25="","",IF(AND(D25="Federal",L25="Yes",N25>0,M25>=N25),"Eligible","Not Yet Eligible")) | V25: =IF(A25="","",IF(U25="Eligible",MAX(0,F25-(Q25*R25)),0)) | W25: =IF(A25="","",IF(D25="Private","High",IF(G25>=7%,"High","Normal")))
N26: =IF(A26="","",IFERROR(VLOOKUP(K26,'Loan Planner'!$AA$8:$AC$13,2,FALSE),0)) | O26: =IF(A26="","",IFERROR(MAX(H26,ABS(PMT(G26/12,IFERROR(VLOOKUP(K26,'Loan Planner'!$AA$8:$AC$13,3,FALSE),120),F26))),H26)) | P26: =IF(A26="","",IF(W26="High",IFERROR('Loan Planner'!$K$3/COUNTIF($W$8:$W$107,"High"),0),0)) | Q26: =IF(A26="","",H26+P26) | R26: =IF(A26="","",IF(F26=0,"Paid Off",IF(Q26<=F26*G26/12,"Payment Too Low",IFERROR(ROUNDUP(NPER(G26/12,-Q26,F26),0),"Payment Too Low")))) | S26: =IF(A26="","",IF(ISNUMBER(R26),EDATE('Loan Planner'!$B$4,R26),"")) | T26: =IF(A26="","",IF(ISNUMBER(R26),MAX(0,(Q26*R26)-F26),0)) | U26: =IF(A26="","",IF(AND(D26="Federal",L26="Yes",N26>0,M26>=N26),"Eligible","Not Yet Eligible")) | V26: =IF(A26="","",IF(U26="Eligible",MAX(0,F26-(Q26*R26)),0)) | W26: =IF(A26="","",IF(D26="Private","High",IF(G26>=7%,"High","Normal")))
N27: =IF(A27="","",IFERROR(VLOOKUP(K27,'Loan Planner'!$AA$8:$AC$13,2,FALSE),0)) | O27: =IF(A27="","",IFERROR(MAX(H27,ABS(PMT(G27/12,IFERROR(VLOOKUP(K27,'Loan Planner'!$AA$8:$AC$13,3,FALSE),120),F27))),H27)) | P27: =IF(A27="","",IF(W27="High",IFERROR('Loan Planner'!$K$3/COUNTIF($W$8:$W$107,"High"),0),0)) | Q27: =IF(A27="","",H27+P27) | R27: =IF(A27="","",IF(F27=0,"Paid Off",IF(Q27<=F27*G27/12,"Payment Too Low",IFERROR(ROUNDUP(NPER(G27/12,-Q27,F27),0),"Payment Too Low")))) | S27: =IF(A27="","",IF(ISNUMBER(R27),EDATE('Loan Planner'!$B$4,R27),"")) | T27: =IF(A27="","",IF(ISNUMBER(R27),MAX(0,(Q27*R27)-F27),0)) | U27: =IF(A27="","",IF(AND(D27="Federal",L27="Yes",N27>0,M27>=N27),"Eligible","Not Yet Eligible")) | V27: =IF(A27="","",IF(U27="Eligible",MAX(0,F27-(Q27*R27)),0)) | W27: =IF(A27="","",IF(D27="Private","High",IF(G27>=7%,"High","Normal")))
... N107: =IF(A107="","",IFERROR(VLOOKUP(K107,'Loan Planner'!$AA$8:$AC$13,2,FALSE),0)) | O107: =IF(A107="","",IFERROR(MAX(H107,ABS(PMT(G107/12,IFERROR(VLOOKUP(K107,'Loan Planner'!$AA$8:$AC$13,3,FALSE),120),F107))),H107)) | P107: =IF(A107="","",IF(W107="High",IFERROR('Loan Planner'!$K$3/COUNTIF($W$8:$W$107,"High"),0),0)) | Q107: =IF(A107="","",H107+P107) | R107: =IF(A107="","",IF(F107=0,"Paid Off",IF(Q107<=F107*G107/12,"Payment Too Low",IFERROR(ROUNDUP(NPER(G107/12,-Q107,F107),0),"Payment Too Low")))) | S107: =IF(A107="","",IF(ISNUMBER(R107),EDATE('Loan Planner'!$B$4,R107),"")) | T107: =IF(A107="","",IF(ISNUMBER(R107),MAX(0,(Q107*R107)-F107),0)) | U107: =IF(A107="","",IF(AND(D107="Federal",L107="Yes",N107>0,M107>=N107),"Eligible","Not Yet Eligible")) | V107: =IF(A107="","",IF(U107="Eligible",MAX(0,F107-(Q107*R107)),0)) | W107: =IF(A107="","",IF(D107="Private","High",IF(G107>=7%,"High","Normal")))

Sheet Dashboard
A1: Student Loan Payoff and Forgiveness Dashboard
A3: Total Current Balance | C3: Total Minimum Monthly Payments | E3: Total Planned Monthly Payments | G3: Average Interest Rate | I3: High-Priority Loans
A4: =SUM('Loan Planner'!$F$8:$F$107) | C4: =SUM('Loan Planner'!$H$8:$H$107) | E4: =SUM('Loan Planner'!$Q$8:$Q$107) | G4: =IFERROR(AVERAGE('Loan Planner'!$G$8:$G$107),0) | I4: =COUNTIF('Loan Planner'!$W$8:$W$107,"High")
A6: Estimated Interest Remaining | C6: Federal Loans | E6: PSLF-Eligible Loans | G6: Loans Eligible for Forgiveness
A7: =SUM('Loan Planner'!$T$8:$T$107) | C7: =COUNTIF('Loan Planner'!$D$8:$D$107,"Federal") | E7: =COUNTIF('Loan Planner'!$L$8:$L$107,"Yes") | G7: =COUNTIF('Loan Planner'!$U$8:$U$107,"Eligible")
A9: Illustrative 12-Month Projected Balance
A10: Month | B10: Projected Total Balance
A11: 1 | B11: =MAX(0,$A$4-A11*MAX(0,$E$4-($A$4*($G$4/12))))
A12: 2 | B12: =MAX(0,$A$4-A12*MAX(0,$E$4-($A$4*($G$4/12))))
A13: 3 | B13: =MAX(0,$A$4-A13*MAX(0,$E$4-($A$4*($G$4/12))))
A14: 4 | B14: =MAX(0,$A$4-A14*MAX(0,$E$4-($A$4*($G$4/12))))
A15: 5 | B15: =MAX(0,$A$4-A15*MAX(0,$E$4-($A$4*($G$4/12))))
A16: 6 | B16: =MAX(0,$A$4-A16*MAX(0,$E$4-($A$4*($G$4/12))))
A17: 7 | B17: =MAX(0,$A$4-A17*MAX(0,$E$4-($A$4*($G$4/12)))) | AA17: Loan and Servicer | AB17: Current Balance | AD17: Loan ID | AE17: Estimated Interest Remaining | AG17: Loan Category | AH17: Current Balance
A18: 8 | B18: =MAX(0,$A$4-A18*MAX(0,$E$4-($A$4*($G$4/12)))) | AA18: =IF('Loan Planner'!$A8="","",'Loan Planner'!$A8&" - "&'Loan Planner'!$B8) | AB18: =IF('Loan Planner'!$A8="","",'Loan Planner'!$F8) | AD18: =IF('Loan Planner'!$A8="","",'Loan Planner'!$A8) | AE18: =IF('Loan Planner'!$A8="","",'Loan Planner'!$T8) | AG18: Federal | AH18: =SUMIF('Loan Planner'!$D$8:$D$107,AG18,'Loan Planner'!$F$8:$F$107)
A19: 9 | B19: =MAX(0,$A$4-A19*MAX(0,$E$4-($A$4*($G$4/12)))) | AA19: =IF('Loan Planner'!$A9="","",'Loan Planner'!$A9&" - "&'Loan Planner'!$B9) | AB19: =IF('Loan Planner'!$A9="","",'Loan Planner'!$F9) | AD19: =IF('Loan Planner'!$A9="","",'Loan Planner'!$A9) | AE19: =IF('Loan Planner'!$A9="","",'Loan Planner'!$T9) | AG19: Private | AH19: =SUMIF('Loan Planner'!$D$8:$D$107,AG19,'Loan Planner'!$F$8:$F$107)
A20: 10 | B20: =MAX(0,$A$4-A20*MAX(0,$E$4-($A$4*($G$4/12)))) | AA20: =IF('Loan Planner'!$A10="","",'Loan Planner'!$A10&" - "&'Loan Planner'!$B10) | AB20: =IF('Loan Planner'!$A10="","",'Loan Planner'!$F10) | AD20: =IF('Loan Planner'!$A10="","",'Loan Planner'!$A10) | AE20: =IF('Loan Planner'!$A10="","",'Loan Planner'!$T10)
A21: 11 | B21: =MAX(0,$A$4-A21*MAX(0,$E$4-($A$4*($G$4/12)))) | AA21: =IF('Loan Planner'!$A11="","",'Loan Planner'!$A11&" - "&'Loan Planner'!$B11) | AB21: =IF('Loan Planner'!$A11="","",'Loan Planner'!$F11) | AD21: =IF('Loan Planner'!$A11="","",'Loan Planner'!$A11) | AE21: =IF('Loan Planner'!$A11="","",'Loan Planner'!$T11)
A22: 12 | B22: =MAX(0,$A$4-A22*MAX(0,$E$4-($A$4*($G$4/12)))) | AA22: =IF('Loan Planner'!$A12="","",'Loan Planner'!$A12&" - "&'Loan Planner'!$B12) | AB22: =IF('Loan Planner'!$A12="","",'Loan Planner'!$F12) | AD22: =IF('Loan Planner'!$A12="","",'Loan Planner'!$A12) | AE22: =IF('Loan Planner'!$A12="","",'Loan Planner'!$T12)
AA23: =IF('Loan Planner'!$A13="","",'Loan Planner'!$A13&" - "&'Loan Planner'!$B13) | AB23: =IF('Loan Planner'!$A13="","",'Loan Planner'!$F13) | AD23: =IF('Loan Planner'!$A13="","",'Loan Planner'!$A13) | AE23: =IF('Loan Planner'!$A13="","",'Loan Planner'!$T13)
AA24: =IF('Loan Planner'!$A14="","",'Loan Planner'!$A14&" - "&'Loan Planner'!$B14) | AB24: =IF('Loan Planner'!$A14="","",'Loan Planner'!$F14) | AD24: =IF('Loan Planner'!$A14="","",'Loan Planner'!$A14) | AE24: =IF('Loan Planner'!$A14="","",'Loan Planner'!$T14)
AA25: =IF('Loan Planner'!$A15="","",'Loan Planner'!$A15&" - "&'Loan Planner'!$B15) | AB25: =IF('Loan Planner'!$A15="","",'Loan Planner'!$F15) | AD25: =IF('Loan Planner'!$A15="","",'Loan Planner'!$A15) | AE25: =IF('Loan Planner'!$A15="","",'Loan Planner'!$T15)
AA26: =IF('Loan Planner'!$A16="","",'Loan Planner'!$A16&" - "&'Loan Planner'!$B16) | AB26: =IF('Loan Planner'!$A16="","",'Loan Planner'!$F16) | AD26: =IF('Loan Planner'!$A16="","",'Loan Planner'!$A16) | AE26: =IF('Loan Planner'!$A16="","",'Loan Planner'!$T16)
AA27: =IF('Loan Planner'!$A17="","",'Loan Planner'!$A17&" - "&'Loan Planner'!$B17) | AB27: =IF('Loan Planner'!$A17="","",'Loan Planner'!$F17) | AD27: =IF('Loan Planner'!$A17="","",'Loan Planner'!$A17) | AE27: =IF('Loan Planner'!$A17="","",'Loan Planner'!$T17)
AA28: =IF('Loan Planner'!$A18="","",'Loan Planner'!$A18&" - "&'Loan Planner'!$B18) | AB28: =IF('Loan Planner'!$A18="","",'Loan Planner'!$F18) | AD28: =IF('Loan Planner'!$A18="","",'Loan Planner'!$A18) | AE28: =IF('Loan Planner'!$A18="","",'Loan Planner'!$T18)
AA29: =IF('Loan Planner'!$A19="","",'Loan Planner'!$A19&" - "&'Loan Planner'!$B19) | AB29: =IF('Loan Planner'!$A19="","",'Loan Planner'!$F19) | AD29: =IF('Loan Planner'!$A19="","",'Loan Planner'!$A19) | AE29: =IF('Loan Planner'!$A19="","",'Loan Planner'!$T19)
AA30: =IF('Loan Planner'!$A20="","",'Loan Planner'!$A20&" - "&'Loan Planner'!$B20) | AB30: =IF('Loan Planner'!$A20="","",'Loan Planner'!$F20) | AD30: =IF('Loan Planner'!$A20="","",'Loan Planner'!$A20) | AE30: =IF('Loan Planner'!$A20="","",'Loan Planner'!$T20)
AA31: =IF('Loan Planner'!$A21="","",'Loan Planner'!$A21&" - "&'Loan Planner'!$B21) | AB31: =IF('Loan Planner'!$A21="","",'Loan Planner'!$F21) | AD31: =IF('Loan Planner'!$A21="","",'Loan Planner'!$A21) | AE31: =IF('Loan Planner'!$A21="","",'Loan Planner'!$T21)
AA32: =IF('Loan Planner'!$A22="","",'Loan Planner'!$A22&" - "&'Loan Planner'!$B22) | AB32: =IF('Loan Planner'!$A22="","",'Loan Planner'!$F22) | AD32: =IF('Loan Planner'!$A22="","",'Loan Planner'!$A22) | AE32: =IF('Loan Planner'!$A22="","",'Loan Planner'!$T22)
AA33: =IF('Loan Planner'!$A23="","",'Loan Planner'!$A23&" - "&'Loan Planner'!$B23) | AB33: =IF('Loan Planner'!$A23="","",'Loan Planner'!$F23) | AD33: =IF('Loan Planner'!$A23="","",'Loan Planner'!$A23) | AE33: =IF('Loan Planner'!$A23="","",'Loan Planner'!$T23)
AA34: =IF('Loan Planner'!$A24="","",'Loan Planner'!$A24&" - "&'Loan Planner'!$B24) | AB34: =IF('Loan Planner'!$A24="","",'Loan Planner'!$F24) | AD34: =IF('Loan Planner'!$A24="","",'Loan Planner'!$A24) | AE34: =IF('Loan Planner'!$A24="","",'Loan Planner'!$T24)
... AA117: =IF('Loan Planner'!$A107="","",'Loan Planner'!$A107&" - "&'Loan Planner'!$B107) | AB117: =IF('Loan Planner'!$A107="","",'Loan Planner'!$F107) | AD117: =IF('Loan Planner'!$A107="","",'Loan Planner'!$A107) | AE117: =IF('Loan Planner'!$A107="","",'Loan Planner'!$T107)

Sheet Instructions
A1: Student Loan Payoff and Forgiveness Planner Instructions
A3: Topic | B3: Guidance
A4: Loan Planner | B4: Enter and update loan details in the yellow cells. Calculated columns estimate payments, payoff timing, interest remaining, priority, and forgiveness status.
A5: Yellow Cells | B5: Yellow cells are user inputs. Update balances, interest rates, servicers, repayment plans, qualifying payments, and notes regularly.
A6: Borrower Inputs | B6: Update annual gross income, filing status, family size, planning date, and extra monthly payment when your circumstances change.
A7: Extra Payments | B7: The extra monthly payment is allocated across loans marked High priority. Review the allocation and payment strategy before making changes.
A8: Forgiveness Estimates | B8: Forgiveness calculations are estimates only and do not guarantee eligibility, approval, discharge, or a specific payoff result.
A9: PSLF | B9: PSLF generally requires qualifying federal Direct Loans, an eligible employer, qualifying payments, and applicable repayment-plan requirements.
A10: Private Loans | B10: Private loans are generally not eligible for federal forgiveness programs. Review refinance options and lender terms carefully.
A11: Verification | B11: Verify current rules with Federal Student Aid, the loan servicer, and a qualified tax professional before relying on estimates.
A12: Tax Considerations | B12: Review whether forgiven amounts may create federal or state tax consequences based on current law and your individual situation.
A13: Dashboard | B13: Use the Dashboard to review balances, payments, interest estimates, priority counts, and illustrative 12-month balance trends.
A14: Planning Date | B14: 09/06/2026
